Map: King's Cove LE

Players

Mez

  • Race: Terran Terran
  • League: Master
  • Spawn Location: 5:00

A.I. 1 (Very Easy) - Winner!

  • Race: Zerg Zerg
  • Spawn Location: 11:00

VOD

Have the link to the VOD?

Description

Time

  • Played on: Aug. 14, 2019, 6:30 p.m.
  • Length: 5:31
Show
View Real Time Build Order
Export as new Build Order

Mez Terran 

Build Orders: Reaper Expand, Hellion Banshee 

Get SALT Encoding   

  12  0:01  SCV  
  13  0:13  SCV  
  14  0:18  Supply Depot  
  14  0:26  SCV  
  15  0:39  SCV  
  15  0:42  Barracks  
  16  0:45  Refinery  
  16  0:52  SCV  
  17  1:04  SCV  
  18  1:16  SCV  
  19  1:30  Reaper, Orbital Command  
  20  1:44  Command Center  
  20  1:52  Supply Depot  
  20  1:57  SCV  
  21  2:02  Marine  
  22  2:10  SCV  
  22  2:15  Factory  
  23  2:17  Refinery  
  23  2:22  SCV  
  24  2:25  Barracks Reactor  
  24  2:34  SCV  
  25  2:46  SCV  
  26  2:56  Orbital Command  
  26  2:58  SCV  
  27  3:00  Starport  
  27  3:07  Hellion x2  
  27  3:11  SCV  
  32  3:14  Supply Depot  
  32  3:15  Barracks Tech Lab  
  32  3:21  SCV  
  32  3:23  SCV  
  34  3:31  Hellion x2  
  38  3:40  SCV  
  38  3:41  SCV  
  40  3:43  Banshee  
  40  3:44  Cloaking Field  
  43  3:51  Marine  
  43  3:52  SCV  
  43  3:53  SCV  
  46  4:01  Hellion  
  46  4:02  Hellion, Supply Depot  
  50  4:06  SCV x2  
  52  4:19  SCV x2  
  54  4:27  Command Center  
  54  4:31  SCV x2  
  56  4:32  Supply Depot  
  56  4:34  Banshee  
  59  4:48  Factory, Barracks Tech Lab  
  59  4:49  SCV x2  
  59  4:50  Factory  
  61  5:02  SCV  
  61  5:03  SCV  
  63  5:09  Refinery  
  63  5:10  Refinery  
  66  5:15  SCV x2  
  66  5:18  Armory x2  
Show
View Real Time Build Order
Export as new Build Order

A.I. 1 (Very Easy) Zerg - Winner!

Build Orders: Pool Only 

Get SALT Encoding   

  12  0:01  Drone  
  13  0:12  Overlord  
  13  0:18  Drone  
  14  0:36  Spawning Pool  
  14  0:39  Drone  
  14  0:42  Extractor  
  13  0:46  Drone  
  14  0:54  Overlord  
  14  1:23  Zergling x2  
  14  1:25  Queen  
  17  1:34  Roach Warren  
  17  1:36  Extractor  
  17  1:39  Drone  
  16  1:46  Drone  
  17  1:53  Zergling x2  
  18  2:07  Drone  
  19  2:14  Drone  
  20  2:22  Zergling x2, Drone  
  22  2:33  Overlord  
  22  2:38  Drone  
  23  2:45  Drone  
  24  2:51  Roach  
  24  2:52  Drone  
  27  4:56  Zergling x2  
Tags
 
Add a new tag
Caveats
  • Supply blocks, unpowered buildings, or Contaminate may cause inaccurate times.
  • Supply counts are checked every 10 seconds.